 Dungeon Crawl Stone Soup version 0.24.0-125-gc4c63601f3 (webtiles) character file.

Game seed: 7938533356129063817, levelgen mode: deterministic

8189 Johnny the Geomancer (level 10, 0/69 HPs)
             Began as a Demigod Earth Elementalist on Feb 21, 2020.
             Splashed by an oklob plant's acid (16 damage)
             ... on level 9 of the Dungeon.
             The game lasted 00:12:24 (9381 turns).

Johnny the Geomancer (Demigod Earth Elementalist)   Turns: 9381, Time: 00:12:24

Health: 0/69       AC: -1    Str: 11    XL:     10   Next: 79%
Magic:  13/31      EV: 12    Int: 27    God:
Gold:   820        SH:  0    Dex: 16    Spells: 16/29 levels left

rFire    . . .     SeeInvis .   i - +2 spear (pierce)
rCold    . . .     Gourm    .   (no shield)
rNeg     . . .     Faith    .   c - +0 robe
rPois    +         Spirit   .   (helmet restricted)
rElec    .         Reflect  .   w - +0 cloak {rPois}
rCorr    .         Harm     .   (no gloves)
MR       +....                  (no boots)
Stlth    ++........             x - amulet of the acrobat
HPRegen  0.21/turn              (no ring)
MPRegen  0.22/turn              (no ring)

@: corroded
A: horns 1, clever 1, high mp 2, sense surroundings 1
a: no special abilities


You were on level 9 of the Dungeon.
You were not hungry.

You visited 1 branch of the dungeon, and saw 9 of its levels.
You also visited: Sewer and Ossuary.

You collected 820 gold pieces.

Inventory:

Hand Weapons
 i - a +2 spear of piercing (weapon)
Missiles
 h - 31 stones (quivered)
Armour
 c - a +0 robe (worn)
 w - a +0 cloak of poison resistance (worn)
 E - a cursed +0 helmet
Jewellery
 x - an amulet of the acrobat (around neck)
Wands
 n - a wand of scattershot (5)
 C - a wand of flame (10)
 D - a wand of paralysis (5)
Scrolls
 a - 8 scrolls of teleportation
 b - 6 scrolls of fog
 e - a scroll of enchant weapon {unknown}
 j - 3 scrolls of blinking
 o - a scroll of magic mapping
 p - a scroll of immolation {unknown}
 q - 3 scrolls of fear {unknown}
 r - a scroll of enchant armour {unknown}
 s - 2 scrolls of amnesia {unknown}
 y - a scroll of noise {unknown}
 A - 2 scrolls of remove curse {unknown}
 F - a scroll of identify
Potions
 f - 2 potions of degeneration
 g - 8 potions of heal wounds
 k - 2 potions of berserk rage
 l - a potion of cancellation {unknown}
 m - 3 potions of might
 t - 5 potions of curing
 u - a potion of brilliance {unknown}
 v - 2 potions of magic {unknown}
 z - a potion of lignification
 B - a potion of resistance {unknown}
 G - a potion of flight {unknown}
Comestibles
 d - 15 rations
 H - 2 chunks of flesh


   Skills:
 - Level 1.7 Dodging
 - Level 1.7 Stealth
 + Level 10.4 Spellcasting
 - Level 0.8 Transmutations
 + Level 11.3 Earth Magic


You had 16 spell levels left.
You knew the following spells:

 Your Spells              Type           Power        Failure   Level  Hunger
a - Sandblast             Erth           ######       1%          1    None
b - Stone Arrow           Conj/Erth      #####.       1%          3    None
c - Lee's Rapid Deconstr  Erth           ######....   1%          5    ###....
d - Petrify               Tmut/Erth      #####...     3%          4    None

Your spell library contained the following spells:

 Spells                   Type           Power        Failure   Level  Hunger
 Passwall                 Tmut/Erth      #####...     1%          2    None


Dungeon Overview and Level Annotations

Branches:
Dungeon (9/15)             Temple (0/1) D:4            Lair (0/6) D:8
  Sewer (visited)         Ossuary (visited)
    Orc: D:9-12

Shops:
D:5 %   D:7 [

Annotations:
D:9 exclusion: 2 oklob plants


Innate Abilities, Weirdness & Mutations

You have a considerably increased reservoir of magic. (+20% MP)
You have a pair of small horns on your head.
Your mind is acute. (Int +2)
You passively map a small area around you.


Message History

Confirm with . or Enter, or press ? or * to list all spells.
Aiming: Stone Arrow (safe; 1% risk of failure)
Press: ? - help, Shift-Dir - straight line, f/p - oklob plant
Aim: an oklob plant (lightly damaged)
The stone arrow hits the oklob plant!!
The oklob plant is heavily damaged.
The oklob plant spits acid at you. The splash of acid hits you!
You are splashed with acid!
Casting: Stone Arrow (safe; 1% risk of failure)
Confirm with . or Enter, or press ? or * to list all spells.
Aiming: Stone Arrow (safe; 1% risk of failure)
Press: ? - help, Shift-Dir - straight line, f/p - oklob plant
Aim: an oklob plant (heavily damaged)
The stone arrow hits the oklob plant!
The oklob plant is severely damaged.
The oklob plant spits acid at you. The splash of acid hits you!
* * * LOW HITPOINT WARNING * * *
The acid corrodes you!
You are splashed with acid!
You die...

, ##..h...............÷...# ,
, *#...##...##........#...#
###'##...##........#(..# ,
#..>##...'.........#...# ,
#....♣♣♣♣♣♣♣......##...# ,,
#...♣♣♣♣♣♣♣♣♣.....##...#
#######...♣ P$%♣♣♣..........#
#.........♣ ♣._%♣♣..........#
#....##)..♣ ♣♣@%$♣♣..........#
#....##.(.♣♣♣..♣P♣♣..........#
#.........♣♣.♣♣♣*♣♣..........#
#.........♣.♣.♣♣♣♣♣.....##...#
#.........♣♣.♣.♣.♣♣.....##...#
##'####...♣♣♣♣♣.♣.♣.<........#
#.....#...♣♣♣..♣.♣♣..........#
#.....#...#♣.♣♣♣♣♣...........#
#.....#...#....##.......##...#


You could see 2 oklob plants.

Vanquished Creatures
  A hydra (D:9)
  A two-headed ogre (D:9)
  Maurice (D:8)
  Grinder (D:3)
  2 dream sheep (D:9)
  3 wyverns (D:8)
  9 yaks
  3 porcupines (D:8)
  5 ice beasts
  An eye of draining (D:8)
  A sky beast (D:7)
  6 ogres
  2 centaurs (D:5)
  5 crocodiles (D:8)
  4 big kobolds
  Blork the orc (D:4)
  An elf zombie (Ossuary)
  6 bullfrogs
  3 scorpions
  5 wights (D:6)
  A howler monkey (D:5)
  A crimson imp (D:5)
  A bullfrog zombie (D:5)
  A centaur zombie (D:5)
  A jelly (D:8)
  A hound (D:8)
  2 orc wizards
  An iron imp (D:6)
  Crazy Yiuf (D:6)
  A gnoll shaman (D:4)
  3 iguanas
  Natasha (twice) (D:2)
  7 worker ants
  2 big kobold zombies (Ossuary)
  A hound zombie (D:8)
  2 mummies (Ossuary)
  A worker ant zombie (D:7)
  21 adders
  3 gnolls (D:4)
  10 river rats
  A shadow imp (D:5)
  3 adder skeletons
  3 adder zombies
  A worm (D:4)
  2 dart slugs
  6 leopard geckos
  6 orcs
  4 bats
  5 giant cockroaches
  3 gnoll zombies (Ossuary)
  11 goblins
  5 hobgoblins
  13 jackals
  12 kobolds
  15 ball pythons
  A ball python zombie (D:5)
  4 frilled lizards
  A goblin zombie (Ossuary)
  5 hobgoblin zombies (Ossuary)
  A jackal skeleton (D:5)
  2 leopard gecko skeletons (D:4)
  2 orc zombies (Ossuary)
  A quokka skeleton (D:9)
  28 rats
259 creatures vanquished.

Vanquished Creatures (others)
  A bush (D:8)
  4 fungi (D:8)
  4 plants (D:8)
9 creatures vanquished.

Grand Total: 268 creatures vanquished

Notes
Turn   | Place    | Note
-------+----------+-------------------------------------------
     0 | D:1      | Johnny the Demigod Earth Elementalist began the quest for
                  | the Orb.
     0 | D:1      | Reached XP level 1. HP: 14/14 MP: 5/5
   358 | D:1      | You fall into a shaft and drop 1 floor!
   363 | D:2      | Reached skill level 3 in Earth Magic
   383 | D:2      | Reached XP level 2. HP: 13/20 MP: 0/7
   628 | D:2      | Reached XP level 3. HP: 20/26 MP: 5/9
   629 | D:2      | Noticed Natasha
   633 | D:2      | Killed Natasha
   913 | D:2      | Noticed Natasha
   917 | D:2      | Killed Natasha
   917 | D:2      | Reached XP level 4. HP: 15/33 MP: 7/11
  1108 | D:2      | Reached skill level 4 in Earth Magic
  1183 | D:2      | Found a shimmering blue altar of Sif Muna.
  2316 | D:3      | Noticed Grinder
  2322 | D:3      | Paralysed by Grinder for 2 turns
  2324 | D:3      | Gained mutation: You have a considerably increased
                  | reservoir of magic. (+20% MP) [potion of mutation]
  2324 | D:3      | Gained mutation: You are weak. (Str -2) [potion of
                  | mutation]
  2324 | D:3      | Gained mutation: You have a pair of small horns on your
                  | head. [potion of mutation]
  2332 | D:3      | Killed Grinder
  2332 | D:3      | Reached skill level 5 in Earth Magic
  2332 | D:3      | Reached XP level 5. HP: 31/38 MP: 5/15
  2332 | D:3      | Reached XP level 6. HP: 36/45 MP: 5/16
  2366 | D:3      | Lost mutation: You are weak. (Str -2) [potion of mutation]
  2366 | D:3      | Gained mutation: You passively map a small area around you.
                  | [potion of mutation]
  2366 | D:3      | Gained mutation: Your mind is acute. (Int +2) [potion of
                  | mutation]
  2893 | D:4      | Noticed Blork the orc
  3098 | D:4      | Killed Blork the orc
  3114 | D:2      | Learned a level 3 spell: Stone Arrow
  3120 | D:2      | Learned a level 5 spell: Lee's Rapid Deconstruction
  3125 | D:2      | Learned a level 4 spell: Petrify
  3420 | D:4      | Reached XP level 7. HP: 39/50 MP: 7/19
  3424 | D:4      | Reached skill level 5 in Spellcasting
  3679 | D:4      | Found a staircase to the Ecumenical Temple.
  3757 | D:4      | Reached skill level 6 in Earth Magic
  3853 | D:4      | Found a shimmering altar of Xom.
  3854 | D:4      | Found a hazy altar of Hepliaklqana.
  3855 | D:4      | Noticed a spectral ugly thing
  4095 | D:5      | Entered Level 5 of the Dungeon
  4208 | D:5      | Found Yboneu's Food Boutique.
  4328 | D:5      | Found a radiant altar of Vehumet.
  4369 | D:5      | Reached XP level 8. HP: 22/57 MP: 5/22
  4383 | D:5      | Reached skill level 7 in Earth Magic
  4559 | D:5      | Found a shadowy altar of Dithmenos.
  4704 | D:5      | Found a glowing drain.
  4715 | Sewer    | Entered a sewer
  5406 | D:6      | Found an opulent altar of Gozag.
  5501 | D:6      | Reached skill level 8 in Earth Magic
  5723 | D:6      | Found a snail-covered altar of Cheibriados.
  5952 | D:6      | Found a runed translucent door.
  5953 | D:6      | Noticed Crazy Yiuf
  6234 | D:6      | Killed Crazy Yiuf
  6311 | D:7      | Found Ykergh's Armour Emporium.
  6331 | D:7      | Found a sand-covered staircase.
  6337 | Ossuary  | Entered an ossuary
  6661 | D:7      | Found a burning altar of Makhleb.
  6679 | D:7      | Reached XP level 9. HP: 58/62 MP: 23/26
  6848 | D:7      | Found a blossoming altar of Fedhas.
  7448 | D:8      | Noticed Maurice
  7512 | D:8      | Killed Maurice
  7512 | D:8      | Reached skill level 9 in Earth Magic
  8207 | D:8      | Reached skill level 10 in Earth Magic
  8286 | D:8      | Reached XP level 10. HP: 37/69 MP: 1/29
  8571 | D:8      | Found an ornate altar of the Wu Jian Council.
  8595 | D:8      | Found a staircase to the Lair.
  9185 | D:9      | Noticed a two-headed ogre
  9192 | D:9      | Killed a two-headed ogre
  9192 | D:9      | Reached skill level 10 in Spellcasting
  9302 | D:9      | Reached skill level 11 in Earth Magic
  9312 | D:9      | Noticed a three-headed hydra
  9318 | D:9      | Killed a three-headed hydra
  9376 | D:9      | Found a blossoming altar of Fedhas.
  9378 | D:9      | Noticed an oklob plant
  9378 | D:9      | Noticed an oklob plant
  9381 | D:9      | Splashed by an oklob plant's acid

Levels and vault maps discovered:
D:1:      lordsloth_arrival_two_stooges, layout_basic, minmay_box_of_dots
D:2:      layout_basic, led_sif_pool, bh_walls_and_bars, uniq_natasha
D:3:      layout_basic, first_ration, uniq_grinder
D:4:      layout_rooms, regret_index_temple_of_mockery,
          minmay_temple_entry_gardened_gates, st_stairs_8, uniq_blork_the_orc
D:5:      kennysheep_spiral_hall, layout_cave_pools,
          nicolae_overflow_hidden_temple, serial_shops, nicolae_shop_trees,
          basic_altar, serial_park, serial_park_tiny_2, portal_sewer_entry_b
D:6:      layout_basic, slow_altar_2, nicolae_lava_and_water,
          nicolae_gozag_seed_capital, uniq_crazy_yiuf_cottage
D:7:      layout_loops_corners, kennysheep_mini, lemuel_doored_altar,
          enter_ossuary_1, serial_shops, shop
D:8:      layout_rooms, kennysheep_mini_moat, minmay_lair_entry_grove,
          uniq_maurice
D:9:      okawaru_arena_lexackson, layout_gridville, elyvilon_altar_4,
          hangedman_ranch [blue_anna_fruit_fields], hangedman_tree_tricks

Skill      XL: |  1  2  3  4  5  6  7  8  9 10 |
---------------+-------------------------------+-----
Spellcasting   | 2 3 4 6 7 9 10 | 10.4
Earth Magic    | 3 5 6 8 10 11 | 11.3
Dodging        | |  1.7
Stealth        | |  1.7
Transmutations | |  0.8

Action                   |  1- 3 |  4- 6 |  7- 9 | 10-12 || total
-------------------------+-------+-------+-------+-------++-------
Melee: Unarmed           |    24 |    24 |       |       ||    48
       Spear             |       |     1 |   124 |    24 ||   149
       Headbutt          |       |     1 |    22 |     1 ||    24
 Cast: Sandblast         |    31 |    65 |    99 |     7 ||   202
       Stone Arrow       |       |     5 |    96 |    20 ||   121
       Lee's Rapid Decon |       |     4 |    13 |    15 ||    32
Evoke: Wand              |       |       |     9 |     2 ||    11
  Use: Potion            |       |     6 |     2 |       ||     8
       Scroll            |       |       |    10 |       ||    10
 Stab: Paralysed         |       |       |     7 |       ||     7
       Sleeping          |       |       |     3 |     1 ||     4
  Eat: Chunk             |       |     6 |    15 |     6 ||    27
       Ration            |       |     1 |     1 |       ||     2
Armor: Robe              |    13 |     4 |    25 |     3 ||    45
       Skin              |       |       |     7 |       ||     7
Dodge: Dodged            |    27 |    43 |   122 |    13 ||   205
